 Dungeon Crawl Stone Soup version 0.19.4-8-ga85b6b9 (webtiles) character file.

1211 galech the Cudgeler (level 8, 0/84 HPs)
             Began as an Ogre Fighter on Feb 14, 2017.
             Killed from afar by an orc wizard (9 damage)
             ... with a puff of frost
             ... on level 7 of the Dungeon.
             The game lasted 00:15:41 (7315 turns).

galech the Cudgeler (Ogre Fighter)                  Turns: 7315, Time: 00:15:42

Health: 0/84       AC:  3    Str: 24      XL:     8   Next: 46%
Magic:  8/8        EV:  8    Int:  7      God:
Gold:   213        SH: 15    Dex:  8 (9)  Spells: 0 memorised, 7 levels left

rFire  . . .     SeeInvis .     a - +0 flail
rCold  . . .     Gourm    .     b - +0 robe
rNeg   . . .     Faith    .     o - +0 large shield
rPois  .         Spirit   .     (helmet restricted)
rElec  .         Reflect  .     (no cloak)
rCorr  .         Harm     .     (gloves unavailable)
MR     .....                    (boots unavailable)
Stlth  +.........               (no amulet)
                                (no ring)
                                (no ring)

@: no status effects
A: unfitting armour, tough skin 1
a: no special abilities


You were on level 7 of the Dungeon.
You were not hungry.

You visited 1 branch of the dungeon, and saw 7 of its levels.

You collected 213 gold pieces.

Inventory:

Hand Weapons
 a - a +0 flail (weapon)
Armour
 b - a +0 robe (worn)
 o - a +0 large shield (worn)
Scrolls
 e - 4 scrolls of remove curse {unknown}
 h - a scroll of teleportation
 p - a scroll of recharging
 s - 2 scrolls of fog
 t - a scroll of blinking
 v - a scroll of enchant armour
Potions
 j - 3 potions of curing
 k - a potion of heal wounds {unknown}
 m - a potion of beneficial mutation {unknown}
 n - a potion of cure mutation {unknown}
 q - 3 potions of agility {unknown}
 r - 2 potions of brilliance {unknown}
 u - 2 potions of degeneration {unknown}
 w - a potion of flight {unknown}
Books
 g - a book of Cantrips

   Spells                             Type                      Level
   a - Confusing Touch                Hexes                        1
   b - Animate Skeleton               Necromancy                   1
   c - Summon Small Mammal            Summoning                    1
   d - Apportation                    Translocation                1
Comestibles
 d - 5 fruits
 f - 5 bread rations
 i - 6 meat rations
 l - a slice of pizza


   Skills:
 + Level 6.8 Fighting
 + Level 7.5 Maces & Flails
 + Level 5.2 Dodging
 + Level 1.2 Stealth
 + Level 5.0 Shields


You had 7 spell levels left.
You didn't know any spells.

Dungeon Overview and Level Annotations

Branches:
Dungeon (7/15)
 Temple: D:4-7

Altars:
Gozag
Hepliaklqana
Okawaru
Trog
Xom

Annotations:
D:4 appiemonkey's ghost, amateur MiFi


Innate Abilities, Weirdness & Mutations

You are too large for most types of armour.
You have tough skin. (AC +1)


Message History

The puff of frost hits you!
* * * LOW HITPOINT WARNING * * *
The orc wizard casts a spell at you. The puff of frost hits you!
* * * LOW HITPOINT WARNING * * *
The orc wizard looks satisfied for a moment.
There is a stone staircase leading down here.
The orc wizard hits you with a dagger.
* * * LOW HITPOINT WARNING * * *
You block the orc wizard's attack.
You climb downwards.
There is a stone staircase leading up here.
You hit the orc wizard but do no damage.
The orc wizard is lightly wounded.
The orc wizard hits you but does no damage.
You hit the orc wizard but do no damage.
The orc wizard is lightly wounded.
The orc wizard gestures at you while chanting.
The puff of frost hits you!
You die...

######
#....##
#.....###
#.......
#.....
#...##
#o@..#
#....#
####.#
... ...
#....
.... ...


You could see an orc wizard.

Vanquished Creatures
  2 phantoms
  An ice beast (D:5)
  An ogre (D:6)
  A bullfrog (D:5)
  A scorpion (D:4)
  3 crimson imps
  A quasit (D:5)
  An orc priest (D:5)
  A centaur skeleton (D:4)
  2 hounds
  An orc wizard (D:5)
  6 worker ants
  An iguana (D:4)
  A hound skeleton (D:6)
  A worker ant zombie (D:5)
  A howler monkey skeleton (D:6)
  7 gnolls (D:3)
  7 adders
  An ooze (D:5)
  2 adder skeletons
  2 worms (D:3)
  5 dart slugs
  11 orcs
  5 giant cockroaches
  9 goblins
  9 hobgoblins
  14 jackals
  2 quokkas
  13 bats
  A jackal zombie (D:5)
  6 kobolds
  A leopard gecko skeleton (D:4)
  10 rats
130 creatures vanquished.

Vanquished Creatures (others)
  An ogre (D:5)
  A giant cockroach (D:5)
  A quokka (D:5)
3 creatures vanquished.

Grand Total: 133 creatures vanquished

Notes
Turn   | Place    | Note
-------+----------+-------------------------------------------
     0 | D:1      | galech the Ogre Fighter began the quest for the Orb.
     0 | D:1      | Reached XP level 1. HP: 24/24 MP: 1/1
   242 | D:1      | Reached XP level 2. HP: 24/32 MP: 2/2
   423 | D:1      | Reached skill level 3 in Maces & Flails
   465 | D:1      | HP: 1/32 [jackal (1)]
   827 | D:1      | Reached XP level 3. HP: 39/39 MP: 3/3
  1522 | D:2      | Reached XP level 4. HP: 40/49 MP: 4/4
  2269 | D:3      | Reached XP level 5. HP: 27/55 MP: 5/5
  2481 | D:3      | Reached skill level 4 in Maces & Flails
  2830 | D:3      | Found a hazy altar of Hepliaklqana.
  2830 | D:3      | Found an iron altar of Okawaru.
  3358 | D:4      | Reached XP level 6. HP: 55/65 MP: 6/6
  3448 | D:4      | Reached skill level 5 in Fighting
  3478 | D:4      | Reached skill level 5 in Maces & Flails
  3797 | D:4      | Noticed a phantom
  3801 | D:4      | Found an opulent altar of Gozag.
  4023 | D:4      | Noticed appiemonkey's ghost (amateur MiFi)
  5188 | D:4      | Killed a phantom
  5188 | D:4      | Reached XP level 7. HP: 10/74 MP: 7/7
  5612 | D:5      | Entered Level 5 of the Dungeon
  5696 | D:5      | Reached skill level 6 in Maces & Flails
  5696 | D:5      | Reached skill level 1 in Stealth
  6310 | D:5      | Reached skill level 5 in Dodging
  6310 | D:5      | Reached XP level 8. HP: 72/83 MP: 8/8
  6360 | D:5      | Found a bloodstained altar of Trog.
  6384 | D:5      | Found a shimmering altar of Xom.
  6635 | D:5      | Reached skill level 7 in Maces & Flails
  7189 | D:6      | Reached skill level 5 in Shields
  7315 | D:7      | Killed from afar by an orc wizard

Skill      XL: |  1  2  3  4  5  6  7  8 |
---------------+-------------------------+-----
Dodging        | 3 4 5 |  5.2
Maces & Flails | 3 4 5 6 7 |  7.5
Shields        | 3 4 5 |  5.0
Fighting       | 5 6 |  6.8
Stealth        | 1 |  1.2

Action                   |  1- 3 |  4- 6 |  7- 9 || total
-------------------------+-------+-------+-------++-------
Melee: Flail             |   138 |   309 |   190 ||   637
  Use: Scroll            |       |     4 |     3 ||     7
       Potion            |       |     1 |     2 ||     3
 Stab: Sleeping          |     1 |     2 |     1 ||     4
  Eat: Chunk             |     2 |    10 |     8 ||    20
       Beef jerky        |       |     1 |       ||     1
Armor: Robe              |    82 |    44 |    30 ||   156
Dodge: Dodged            |    75 |   100 |    46 ||   221
Block: Shield            |    94 |   143 |       ||   237
       Large shield      |       |       |   176 ||   176
